 Dungeon Crawl Stone Soup version 0.24.1-8-ga250c9d538 (webtiles) character file.

Game seed: 12424872150035758133, levelgen mode: deterministic

148 Hugehornet the Cudgeler (level 5, 0/50 HPs)
             Began as a Troll Fighter on May 1, 2020.
             Slain by an orc (2 damage)
             ... on level 3 of the Dungeon.
             The game lasted 00:04:04 (1875 turns).

Hugehornet the Cudgeler (Troll Fighter)             Turns: 1875, Time: 00:04:05

Health: 0/50       AC:  6    Str: 30    XL:     5   Next: 8%
Magic:  4/4        EV:  8    Int:  4    God:
Gold:   63         SH:  9    Dex:  9    Spells: 4/4 levels left

rFire    . . .     SeeInvis .   a - +0 flail
rCold    + . .     Gourm    +   c - +0 shield
rNeg     . . .     Faith    .   b - +0 robe
rPois    .         Spirit   .   (helmet restricted)
rElec    .         Reflect  .   (no cloak)
rCorr    .         Harm     .   (gloves unavailable)
MR       +....                  (boots unavailable)
Stlth    +.........             (no amulet)
HPRegen  0.56/turn              q - ring of protection from magic
MPRegen  0.09/turn              t - ring of protection from cold

@: mighty
A: large, unfitting armour, claws 3, fast metabolism 3, gourmand, regeneration
1, shaggy fur 1, tough skin 3
a: no special abilities


You were on level 3 of the Dungeon.
You were full.

You visited 1 branch of the dungeon, and saw 3 of its levels.

You collected 63 gold pieces.

Inventory:

Hand Weapons
 a - a +0 flail (weapon)
Armour
 b - a +0 robe (worn)
 c - a +0 shield (worn)
Jewellery
 j - a +3 ring of intelligence
 k - an uncursed ring of wizardry
 q - a ring of protection from magic (left claw)
 t - a ring of protection from cold (right claw)
Wands
 o - a wand of digging (4)
Scrolls
 e - a scroll of fear {unknown}
 h - a scroll of blinking {unknown}
 i - 3 scrolls of teleportation {unknown}
 l - a scroll of identify {unknown}
 m - a scroll of noise {unknown}
 n - a scroll of fog {unknown}
 p - a scroll of remove curse {unknown}
Potions
 d - a potion of might
 g - 3 potions of curing {unknown}
 r - a potion of heal wounds {unknown}
 s - a potion of haste {unknown}
 u - a potion of flight {unknown}
Comestibles
 f - 6 rations


   Skills:
 - Level 2.4 Fighting
 + Level 4.8 Maces & Flails
 - Level 2.4 Dodging
 - Level 2.4 Shields


You had 4 spell levels left.
You didn't know any spells.
Your spell library was empty.

Dungeon Overview and Level Annotations

Branches:
Dungeon (3/15)

Altars:
Fedhas


Innate Abilities, Weirdness & Mutations

You are too large for most types of armour.
You have claws for hands.
Your metabolism is lightning-fast.
You like to eat raw meat.
Your natural rate of healing is unusually fast.
You are covered in fur. (AC +1)
You have extremely tough skin. (AC +3)


Message History

The orc barely misses you. The orc hits you but does no damage.
The orc barely misses you.
You closely miss the orc priest. You block the orc priest's attack.
The orc hits you but does no damage. You block the orc's attack.
The orc hits you but does no damage. The orc priest barely misses you.
The orc hits you but does no damage.
You sock the orc priest!
The orc priest is almost dead.
The orc hits you.
* * * LOW HITPOINT WARNING * * *
The orc hits you but does no damage.
The orc priest invokes the aid of Beogh against you.
Pain shoots through your body!
* * * LOW HITPOINT WARNING * * *
You block the orc's attack. The orc hits you but does no damage.
You block the orc's attack.
You closely miss the orc priest.
The orc priest is almost dead.
You block the orc priest's attack. The orc barely misses you. The orc hits you.
You die...

#.## ..## #. ...
. ..# . ## ###
#..##.. #..
...... ..
#.###...## ##
#.#.P)...# #
#####)#@o≈≈≈.#..
.>
#..(..ooo≈≈.....
.
#.###.#.≈≈≈≈...#
#.# #.#P≈≈≈≈P#.#
#.# #.#......# .
#.# #..........
#.# ######...###
#.# .#.# #.#
.#.#


You could see an orc priest and 3 orcs.

Vanquished Creatures
  A bullfrog zombie (D:3)
  A hound skeleton (D:3)
  3 adders
  2 dart slugs
  2 leopard geckos (D:1)
  5 orcs (D:3)
  A giant cockroach (D:2)
  7 goblins
  11 hobgoblins
  3 kobolds
  2 quokkas (D:2)
  3 ball pythons
  8 bats
  2 frilled lizards
  A giant cockroach zombie (D:3)
  10 rats
62 creatures vanquished.

Notes
Turn   | Place    | Note
-------+----------+-------------------------------------------
     0 | D:1      | Hugehornet the Troll Fighter began the quest for the Orb.
     0 | D:1      | Reached XP level 1. HP: 22/22 MP: 0/0
    22 | D:1      | Reached skill level 2 in Maces & Flails
   260 | D:1      | Reached XP level 2. HP: 29/29 MP: 1/1
   631 | D:1      | Reached skill level 3 in Maces & Flails
   820 | D:2      | Reached XP level 3. HP: 35/36 MP: 2/2
   998 | D:2      | Found a blossoming altar of Fedhas.
  1392 | D:3      | Reached XP level 4. HP: 40/44 MP: 3/3
  1398 | D:3      | Reached skill level 4 in Maces & Flails
  1800 | D:3      | Reached XP level 5. HP: 50/50 MP: 4/4
  1874 | D:3      | HP: 1/50 [orc priest/nerve-wracking pain (6)]
  1875 | D:3      | Slain by an orc

Levels and vault maps discovered:
D:1:      dpeg_arrival_rhombus, layout_loops_ring
D:2:      layout_loops_cross, fedhas_altar_1
D:3:      layout_loops_ring, serial_undead, serial_undead_a, serial_undead_b,
          serial_undead_f, serial_undead_b, minmay_box_of_dots

Skill      XL: |  1  2  3  4 |
---------------+-------------+-----
Maces & Flails | 2 3 4 |  4.8
Fighting       | |  2.4
Dodging        | |  2.4
Shields        | |  2.4

Action                   |  1- 3 |  4- 6 || total
-------------------------+-------+-------++-------
Melee: Flail             |   119 |    85 ||   204
  Use: Potion            |       |     1 ||     1
  Eat: Chunk             |    13 |     7 ||    20
Armor: Robe              |    38 |    39 ||    77
Dodge: Dodged            |    44 |    36 ||    80
Block: Shield            |    54 |    57 ||   111
